 Dungeon Crawl Stone Soup version 0.31-a0-986-g5e6e4ef867 (webtiles) character file.

Game seed: 15469218776592673757

58 LeprechaunX the Changeling (level 4, -1/29 HPs)
             Began as an Octopode Shapeshifter on Nov 23, 2023.
             Was a Plaything of Xom.
             Slain by a gnoll
             ... wielding a +0 spear
              (7 damage)
             ... on level 2 of the Dungeon.
             The game lasted 00:01:46 (957 turns).

LeprechaunX the Changeling (Octopode Shapeshifter)   Turns: 957, Time: 00:01:46

Health: -1/29      AC:  1    Str: 13    XL:     4   Next: 1%
Magic:  4/4        EV: 13    Int: 12    God:    Xom [..*...]
Gold:   110        SH:  0    Dex: 13    Spells: 3/3 levels left

rFire   + .          .
                       - Unarmed
rCold   . . .        (no shield)
rNeg    . . .        (helmet currently unavailable)
rPois   .            (no amulet)
rElec   .            (no ring)
rCorr   .            (no ring)
SInv    .            (no ring)
Will    .....        (no ring)
Stlth   ++           (no ring)
HPRegen 0.24/turn    (no ring)
MPRegen 0.09/turn    (no ring)
                     (no ring)

%: no passive effects
@: beast-form
A: beast (slay +2), almost no armour, amphibious, 8 rings, camouflage 1,
gelatinous body 1, (nimble swimmer 1), tentacles, tentacle spike 1, fire
resistance 1, mutation resistance 1
a: Begin Untransformation, Renounce Religion


You were on level 2 of the Dungeon.
You worshipped Xom.
You were a toy of Xom.
You were a hulking beast.
You visited 1 branch of the dungeon, and saw 2 of its levels.

You collected 110 gold pieces.

Inventory:

Jewellery
 i - a ring of fire
Talismans
 b - a beast talisman
 c - a flux talisman
Scrolls
 d - a scroll of immolation {unknown}
 e - 3 scrolls of amnesia {unknown}
 g - a scroll of poison {unknown}
 j - a scroll of enchant armour {unknown}
Potions
 a - a potion of lignification
 f - 3 potions of heal wounds {unknown}
 h - 2 potions of curing {unknown}


   Skills:
 + Level 2.0 Fighting
 - Level 2.0 Dodging
 + Level 3.4 Unarmed Combat
 * Level 3.8 Shapeshifting


You had 3 spell levels left.
You didn't know any spells.
Your spell library contained the following spells:

 Spells                   Type           Power      Damage    Failure   Level
 Cigotuvi's Dreadful Rot  Necr/Pois/Air  0%         N/A       45%         2
 Ignite Poison            Fire/Tmut/Pois 0%         N/A       69%         3
 Freezing Cloud           Conj/Ice/Air   0%         6-21      100%        5


Dungeon Overview and Level Annotations

Branches:
Dungeon (2/15)

Altars:
Xom

Shops:
D:2 (


Innate Abilities, Weirdness & Mutations

You are a hulking beast.
Your limbs bulge with bestial killing power. (Slay +2)
You cannot wear most types of armour.
You are amphibious.
You can wear up to eight rings at the same time.
Your skin changes colour to match your surroundings (Stealth+).
Your rubbery body absorbs attacks. (AC +1, EV +1)
((You are camouflaged when in or above water. (Stealth+)))
You have tentacles for arms and can constrict up to eight enemies at once.
One of your tentacles bears a spike.
Your flesh is heat resistant. (rF+)
You are somewhat resistant to further mutation.


Message History

The gnoll shouts!
A kobold comes into view. It is wielding a +0 short sword.
The kobold shouts!
You tentacle-slap the gnoll. You grab the gnoll. You squeeze the gnoll.
The gnoll is severely wounded.
You constrict the gnoll. The gnoll closely misses you.
You tentacle-slap the gnoll.
You kill the gnoll!
You barely miss the gnoll. Your grab misses the gnoll.
You tentacle-slap the gnoll. You grab the gnoll.
You pierce the gnoll.
The gnoll is heavily wounded.
You constrict the gnoll, but do no damage.
The gnoll hits you with a +0 club.
You tentacle-slap the gnoll.
You pierce the gnoll.
You kill the gnoll!
Your Fighting skill increases to level 2!
You closely miss the frilled lizard. Your grab misses the frilled lizard.
Xom's power touches on a nearby monster.
The kobold flickers and vanishes!
Deactivating autopickup; reactivate with Ctrl-A.
The frilled lizard bites you.
You emit a cloud of colourful smoke!
You barely miss the frilled lizard. You grab the frilled lizard.
You constrict the frilled lizard.
You kill the frilled lizard!
The gnoll barely misses you.
You have reached level 4!
You closely miss something. Your squeeze misses something. Something hits you.
The gnoll hits you from afar with a +0 spear!
Unknown command.
You tentacle-slap something.
Reactivating autopickup.
You feel a bit more experienced.
The gnoll hits you from afar with a +0 spear.
* * * LOW HITPOINT WARNING * * *
Unknown command.
The gnoll attacks as it pursues you! The gnoll completely misses you.
The gnoll attacks as it pursues you!
The gnoll hits you from afar with a +0 spear!
You die...

#.### .... .......
#....##.. .....
.......†# ###..# ##
#....## #§§.# .###
####..#####§#######
...#####.......§.##.....
............#...g...###.
##.#####................
♣.♣ #....##..h..##...
♣♣.♣♣###....######......
.......###### ##...#
♣♣.♣♣#..# .### ♣.♣ .. #
##.# .... .... ..#.#


You could see a gnoll.

Vanquished Creatures
  2 gnolls (D:2)
  A dart slug (D:2)
  8 ball pythons
  5 endoplasms
  3 giant cockroaches (D:1)
  4 goblins (D:1)
  2 hobgoblins (D:1)
  3 bats
  A frilled lizard (D:2)
  2 kobolds
  6 rats
37 creatures vanquished.

Notes
Turn   | Place    | Note
-------+----------+-------------------------------------------
     0 | D:1      | LeprechaunX the Octopode Shapeshifter began the quest for
                  | the Orb.
     0 | D:1      | Reached XP level 1. HP: 13/13 MP: 1/1
    88 | D:1      | Reached XP level 2. HP: 14/18 MP: 2/2
   195 | D:1      | Found a faded altar of an unknown god.
   212 | D:1      | Prayed at the altar of an unknown god.
   212 | D:1      | Became a worshipper of Xom of Chaos
   416 | D:1      | XOM: silly message
   517 | D:1      | Reached XP level 3. HP: 23/23 MP: 3/3
   573 | D:1      | XOM: smoke on damage
   598 | D:1      | XOM: silly message
   608 | D:1      | XOM: cloud trail
   712 | D:1      | XOM: god gift: shiny chain mail {god gift}
   818 | D:2      | Found Juityesej's Antique Weapon Boutique.
   898 | D:2      | XOM: give mutations
   898 | D:2      | Gained mutation: You are somewhat resistant to further
                  | mutation. [Xom's grace]
   898 | D:2      | Gained mutation: One of your tentacles bears a spike.
                  | [Xom's grace]
   898 | D:2      | Gained mutation: Your flesh is heat resistant. (rF+) [Xom's
                  | grace]
   950 | D:2      | XOM: enchant monster (bad)
   950 | D:2      | XOM: smoke on damage
   952 | D:2      | Reached XP level 4. HP: 21/29 MP: 4/4
   957 | D:2      | Slain by a gnoll

Illustrated notes

Levels and vault maps discovered:
D:1:      dpeg_arrival_three_same_balls, layout_rooms,
          nicolae_ecumenical_snake_handling, serial_co_window_serial,
          co_window_corner_a, co_window_cross_1, co_window_paths_b,
          co_window_corner_a, co_window_of_opportunity_a, co_window_paths_a,
          co_window_2corner, co_window_cross_2, co_window_of_opportunity_b,
          glass_columns_c, glass_columns_b, glass_columns_a, glass_columns_c
D:2:      layout_rooms, serial_shops, shop, mrwooster_statue_mirror,
          minmay_tree_intersection, dk_noncrumbling_4

Skill      XL: |  1  2  3 |
---------------+----------+-----
Fighting       | 2 |  2.0
Dodging        | |  2.0
Unarmed Combat | |  3.4
Shapeshifting  | |  3.8

Action                     |  1- 3 |  4- 6 || total
---------------------------+-------+-------++-------
  Melee: Unarmed           |    60 |     2 ||    62
         Constrict         |    21 |       ||    21
         Tentacles         |     5 |       ||     5
         Punch             |     2 |       ||     2
         Kick              |     3 |       ||     3
   Stab: Sleeping          |    10 |       ||    10
 Armour: Skin              |    15 |     4 ||    19
  Dodge: Dodged            |    29 |     1 ||    30

Table legend: (Time is in decaauts)
 A = Elapsed time spent in this place.
 B = Non-inter-level travel time spent in this place.
 C = Inter-level travel time spent in this place.
 D = Time resting spent in this place.
 E = Time spent auto-exploring this place.
 F = Levels seen in this place.
 G = Mean time per level.
                   A        B        C        D        E       F      G
               +--------+--------+--------+--------+--------+-----+--------+
         Total |    953 |    950 |      3 |      0 |    729 |   2 |  476.5 |
       Dungeon |    953 |    950 |      3 |      0 |    729 |   2 |  476.5 |
               +--------+--------+--------+--------+--------+-----+--------+

Top non-repeatable levels by time:
     D:1: 758 daAuts
     D:2: 194 daAuts
